Winnipeg Jets vs Detroit Red Wings (R1)

Created - Wednesday, January 14, 2026 at 12:34

Goals
1 2 3 T
Winnipeg Jets 4 1 1 6
Detroit Red Wings 0 1 2 3
Shots
1 2 3 T
Winnipeg Jets 11 12 14 37
Detroit Red Wings 14 10 16 40

1st period

1. Winnipeg Jets , Mikael Backlund 1 (Ridly Greig 1, Connor Bedard 1) at 8:46
2. Winnipeg Jets , Mikael Backlund 2 (Connor Bedard 2) at 12:51
3. Winnipeg Jets , Joel Armia 1 (Alexis Lafreniere 1, Taylor Hall 1) at 13:52
4. Winnipeg Jets , Alexander Kerfoot 1 (Adam Lowry 1) at 16:22

Penalties :
Derek Forbort (WPG) for Goalie Interference (Minor) at 2:34, Dmitry Orlov (DET) for Holding (Minor) at 9:13, Conor Timmins (DET) for Interference (Minor) at 19:04

2nd period

5. Winnipeg Jets , Alexis Lafreniere 1 (Vladislav Namestnikov 1, Adam Lowry 2) at 3:18
6. Detroit Red Wings , Christian Fischer 1 (Zachary L'Heureux 1, Jackson LaCombe 1) at 5:23

Penalties :
Derek Forbort (WPG) for High sticking (Minor) at 8:44, Adam Lowry (WPG) for Tripping (Minor) at 8:47, Jackson LaCombe (DET) for Fighting (Major) at 17:53, Mikael Backlund (WPG) for Fighting (Major) at 17:53

3rd period

7. Detroit Red Wings , Ryan Graves 1 (Collin Graf 1, Peyton Krebs 1) at 6:54 (PP)
8. Detroit Red Wings , Peyton Krebs 1 (Collin Graf 2) at 9:48
9. Winnipeg Jets , Vladislav Namestnikov 1 (Alexis Lafreniere 2, Adam Lowry 3) at 16:46

Penalties :
Connor Bedard (WPG) for Hooking (Minor) at 1:49, Mikael Backlund (WPG) for Tripping (Minor) at 4:58, Adam Lowry (WPG) for Tripping (Minor) at 11:48

Goalie Stats

Dustin Wolf (WPG), 37 saves from 40 shots - (0.925), W, 1-0-0, 60:00 minutes
Laurent Brossoit (DET), 31 saves from 37 shots - (0.838), L, 0-1-0, 60:00 minutes

Players Stats for Winnipeg Jets

Player Name              G  A  P  +/- PIM S  H  SB GA TA FO     MP     PP MP  PK MP  
------------------------------------------------------------------------------------
Adam Lowry               0  3  3   1  4   5  1  0  1  0  10/17  18:24   1:58   2:25 
Alexander Kerfoot        1  0  1   1  0   2  1  0  0  0  1/1    17:07   1:58   1:11 
Alexis Lafreniere        1  2  3   2  0   4  2  1  2  0  0/0    14:10   0:00   0:57 
Connor Bedard            0  2  2   1  2   1  1  0  0  0  1/2    19:19   2:00   4:14 
Derek Forbort            0  0  0   0  4   0  2  1  0  0  0/0    12:01   0:00   0:03 
Dylan Samberg            0  0  0   2  0   0  2  2  1  1  0/0    26:07   1:58   4:39 
Haydn Fleury             0  0  0   2  0   4  1  1  0  2  0/0    21:57   2:00   5:16 
Joel Armia               1  0  1   2  0   4  0  3  2  0  2/3    14:38   0:00   2:17 
Jonas Brodin             0  0  0   2  0   1  2  2  0  1  0/0    26:07   1:58   4:39 
Matvei Michkov           0  0  0   0  0   0  0  0  0  0  0/3     3:30   0:00   0:00 
Michael Kesselring       0  0  0   0  0   0  0  0  0  0  0/0    11:56   0:00   0:00 
Mikael Backlund          2  0  2   1  7   3  3  0  0  0  15/25  20:56   2:00   3:19 
Nate Schmidt             0  0  0   2  0   2  0  1  0  1  0/0    21:57   2:00   5:16 
Nino Niederreiter        0  0  0   0  0   2  1  0  1  0  0/0     6:41   0:00   0:00 
Ridly Greig              0  1  1   1  0   6  1  0  0  1  3/3    18:28   2:00   3:38 
Sam Steel                0  0  0   0  0   0  0  0  0  1  2/3     6:41   0:00   0:00 
Taylor Hall              0  1  1   1  0   2  1  0  1  1  0/1    15:53   1:58   0:00 
Vladislav Namestnikov    1  1  2   2  0   1  0  0  0  0  4/7    12:21   0:00   0:00 

Players Stats for Detroit Red Wings

Player Name              G  A  P  +/- PIM S  H  SB GA TA FO     MP     PP MP  PK MP  
------------------------------------------------------------------------------------
Arthur Kaliyev           0  0  0   0  0   1  2  0  0  0  0/0     8:42   0:07   0:00 
Christian Fischer        1  0  1  -1  0   2  0  0  1  2  0/1    14:03   0:00   0:00 
Collin Graf              0  2  2   0  0   5  3  0  1  0  3/7    24:06   5:24   2:00 
Conor Timmins            0  0  0  -2  2   1  0  3  0  0  0/0    12:25   0:00   0:49 
Dmitry Orlov             0  0  0   0  2   4  2  2  1  1  0/0    20:08   4:28   0:54 
Fraser Minten            0  0  0   0  0   0  0  0  0  0  0/2     8:38   0:00   0:00 
Jackson LaCombe          0  1  1  -1  5   3  3  5  0  0  0/0    23:33   3:22   1:56 
Jamie Drysdale           0  0  0  -2  0   1  0  1  0  1  0/0    14:15   1:06   0:00 
Jayden Struble           0  0  0  -1  0   0  0  0  0  0  0/0     5:56   0:00   0:13 
Kasperi Kapanen          0  0  0  -1  0   1  1  0  1  0  0/0    14:37   0:07   0:00 
Kevin Stenlund           0  0  0  -1  0   0  1  3  1  0  9/20   18:03   5:24   2:00 
Peyton Krebs             1  1  2  -1  0   4  3  1  0  3  4/5    18:34   5:24   1:58 
Ryan Graves              1  0  1  -1  0   2  1  2  0  0  0/0    22:00   5:27   2:02 
Shayne Gostisbehere      0  0  0  -1  0   1  1  2  2  1  0/0    22:00   5:27   2:02 
Tanner Pearson           0  0  0  -2  0   1  3  1  1  0  0/0    19:26   4:24   1:58 
Vasili Podkolzin         0  0  0  -3  0   8  2  2  0  0  0/1    18:01   4:24   0:00 
Yakov Trenin             0  0  0  -2  0   0  0  1  0  0  9/21   17:08   4:24   0:00 
Zachary L'Heureux        0  1  1  -1  0   6  4  1  0  0  2/8    14:24   0:07   0:00 

3 Stars

1 - Alexis Lafreniere (WPG)
2 - Vladislav Namestnikov (WPG)
3 - Joel Armia (WPG)

Power Play

Winnipeg Jets - 0 on 2 Attempt(s) - 0.00%
Detroit Red Wings - 1 on 6 Attempt(s) - 16.67%

Penalty Kill

Winnipeg Jets - 5 on 6 Attempt(s) - 83.33% - Score 0 goal in Penalty Kill
Detroit Red Wings - 2 on 2 Attempt(s) - 100.00% - Score 0 goal in Penalty Kill

Team Stat

Winnipeg Jets - Hits : 18 - Faceoff Wins : 38 - Blocked Shots : 11 - Penalty Minutes : 17
Detroit Red Wings - Hits : 26 - Faceoff Wins : 27 - Blocked Shots : 24 - Penalty Minutes : 9

Official

Referees : Tj Luxmore and Graham Skilliter
Linesman : Ryan Gibbons and Justin Johnson

Game Notes

Jackson LaCombe beats up Mikael Backlund at 17:53 of 2nd period

Finance

Level 1 -- Attendance: 6000 (100.00%) -- Ticket Income $570,000
Level 2 -- Attendance: 4312 (86.24%) -- Ticket Income $237,160
Level 3 -- Attendance: 3000 (100.00%) -- Ticket Income $90,000
Level 4 -- Attendance: 4780 (95.60%) -- Ticket Income $95,600
Luxury Box -- Attendance: 1000 (100.00%) -- Ticket Income $190,000
Game was played at the Joe Louis Arena.
Total Attendance: 19092 (95.46%)
Total Ticket Income: $1,182,760
Other Income: $413,966
Total Income: $1,596,726

Winnipeg Jets

5 vs 5 Forward 
   Center                   Left Wing                Right Wing               Time % Phy DF OF 
 1 Mikael Backlund          Connor Bedard            Ridly Greig              30     1   2  2  
 2 Adam Lowry               Taylor Hall              Alexander Kerfoot        30     1   2  2  
 3 Vladislav Namestnikov    Alexis Lafreniere        Joel Armia               25     1   2  2  
 4 Sam Steel                Mikael Backlund          Nino Niederreiter        15     1   2  2  

5 vs 5 Defense 
   Defense                  Defense                                           Time % Phy DF OF 
 1 Dylan Samberg            Jonas Brodin                                      30     1   2  2  
 2 Nate Schmidt             Haydn Fleury                                      30     1   2  2  
 3 Derek Forbort            Michael Kesselring                                25     1   2  2  
 4 Dylan Samberg            Jonas Brodin                                      15     1   2  2  

PowerPlay Forward 
   Center                   Left Wing                Right Wing               Time % Phy DF OF 
 1 Mikael Backlund          Connor Bedard            Ridly Greig              50     1   2  2  
 2 Adam Lowry               Taylor Hall              Alexander Kerfoot        50     1   2  2  

PowerPlay Defense
   Defense                  Defense                                           Time % Phy DF OF 
 1 Dylan Samberg            Jonas Brodin                                      50     1   2  2  
 2 Nate Schmidt             Haydn Fleury                                      50     1   2  2  

Penalty Kill 4 Players Forward 
   Center                   Wing                     Time % Phy DF OF 
 1 Mikael Backlund          Connor Bedard            50     1   2  2  
 2 Adam Lowry               Ridly Greig              50     1   2  2  

Penalty Kill 4 Players Defense
   Defense                  Defense                  Time % Phy DF OF 
 1 Dylan Samberg            Jonas Brodin             50     1   2  2  
 2 Nate Schmidt             Haydn Fleury             50     1   2  2  

Penalty Kill - 3 Players Forward 
   Forward                                           Time % Phy DF OF 
 1 Mikael Backlund                                   50     1   2  2  
 2 Connor Bedard                                     50     1   2  2  

Penalty Kill - 3 Players Defense
   Defense                  Defense                  Time % Phy DF OF 
 1 Dylan Samberg            Jonas Brodin             50     1   2  2  
 2 Nate Schmidt             Haydn Fleury             50     1   2  2  

4 vs 4 Forward 
   Center                   Wing                     Time % Phy DF OF 
 1 Mikael Backlund          Connor Bedard            50     1   2  2  
 2 Adam Lowry               Ridly Greig              50     1   2  2  

4 vs 4 Defense
   Defense                  Defense                  Time % Phy DF OF 
 1 Dylan Samberg            Jonas Brodin             50     1   2  2  
 2 Nate Schmidt             Haydn Fleury             50     1   2  2  

Last Minutes Offensive
   Center                   Left Wing                Right Wing               Defense                  Defense                  
   Mikael Backlund          Connor Bedard            Ridly Greig              Dylan Samberg            Jonas Brodin             

Last Minutes Defensive
   Center                   Left Wing                Right Wing               Defense                  Defense                  
   Mikael Backlund          Connor Bedard            Ridly Greig              Dylan Samberg            Jonas Brodin             

Goaltenders
Starting : Dustin Wolf              
Backup : Yaroslav Askarov         

Extra Forwards
Normal : Matvei Michkov, Alexis Lafreniere, Joel Armia - PP : Matvei Michkov, Alexis Lafreniere - PK : Joel Armia
Extra Defensemen
Normal : Derek Forbort, Michael Kesselring, Nate Schmidt - PP : Derek Forbort - PK : Michael Kesselring, Nate Schmidt
Penalty Shots
Mikael Backlund, Connor Bedard, Adam Lowry, Ridly Greig, Taylor Hall

Scratches
Jason Zucker (Healthy), Erik Brannstrom (Healthy), Barclay Goodrow (Healthy), Sean Durzi (Healthy)

Detroit Red Wings

5 vs 5 Forward 
   Center                   Left Wing                Right Wing               Time % Phy DF OF 
 1 Kevin Stenlund           Peyton Krebs             Collin Graf              30     1   2  2  
 2 Yakov Trenin             Tanner Pearson           Vasili Podkolzin         30     1   2  2  
 3 Zachary L'Heureux        Kasperi Kapanen          Christian Fischer        25     1   2  2  
 4 Fraser Minten            Collin Graf              Arthur Kaliyev           15     1   2  2  

5 vs 5 Defense 
   Defense                  Defense                                           Time % Phy DF OF 
 1 Jackson LaCombe          Dmitry Orlov                                      30     1   2  2  
 2 Shayne Gostisbehere      Ryan Graves                                       30     1   2  2  
 3 Jamie Drysdale           Conor Timmins                                     25     1   2  2  
 4 Jayden Struble           Jackson LaCombe                                   15     1   2  2  

PowerPlay Forward 
   Center                   Left Wing                Right Wing               Time % Phy DF OF 
 1 Kevin Stenlund           Peyton Krebs             Collin Graf              50     1   2  2  
 2 Yakov Trenin             Tanner Pearson           Vasili Podkolzin         50     1   2  2  

PowerPlay Defense
   Defense                  Defense                                           Time % Phy DF OF 
 1 Jackson LaCombe          Dmitry Orlov                                      50     1   2  2  
 2 Shayne Gostisbehere      Ryan Graves                                       50     1   2  2  

Penalty Kill 4 Players Forward 
   Center                   Wing                     Time % Phy DF OF 
 1 Collin Graf              Kevin Stenlund           50     1   2  2  
 2 Peyton Krebs             Tanner Pearson           50     1   2  2  

Penalty Kill 4 Players Defense
   Defense                  Defense                  Time % Phy DF OF 
 1 Jackson LaCombe          Dmitry Orlov             50     1   2  2  
 2 Shayne Gostisbehere      Ryan Graves              50     1   2  2  

Penalty Kill - 3 Players Forward 
   Forward                                           Time % Phy DF OF 
 1 Collin Graf                                       50     1   2  2  
 2 Kevin Stenlund                                    50     1   2  2  

Penalty Kill - 3 Players Defense
   Defense                  Defense                  Time % Phy DF OF 
 1 Jackson LaCombe          Dmitry Orlov             50     1   2  2  
 2 Shayne Gostisbehere      Ryan Graves              50     1   2  2  

4 vs 4 Forward 
   Center                   Wing                     Time % Phy DF OF 
 1 Collin Graf              Kevin Stenlund           50     1   2  2  
 2 Peyton Krebs             Tanner Pearson           50     1   2  2  

4 vs 4 Defense
   Defense                  Defense                  Time % Phy DF OF 
 1 Jackson LaCombe          Dmitry Orlov             50     1   2  2  
 2 Shayne Gostisbehere      Ryan Graves              50     1   2  2  

Last Minutes Offensive
   Center                   Left Wing                Right Wing               Defense                  Defense                  
   Kevin Stenlund           Peyton Krebs             Collin Graf              Jackson LaCombe          Dmitry Orlov             

Last Minutes Defensive
   Center                   Left Wing                Right Wing               Defense                  Defense                  
   Kevin Stenlund           Peyton Krebs             Collin Graf              Jackson LaCombe          Dmitry Orlov             

Goaltenders
Starting : Laurent Brossoit         
Backup : Sergei Bobrovsky         

Extra Forwards
Normal : Kasperi Kapanen, Zachary L'Heureux, Fraser Minten - PP : Kasperi Kapanen, Zachary L'Heureux - PK : Fraser Minten
Extra Defensemen
Normal : Jamie Drysdale, Conor Timmins, Jayden Struble - PP : Jamie Drysdale - PK : Conor Timmins, Jayden Struble
Penalty Shots
Collin Graf, Kevin Stenlund, Peyton Krebs, Tanner Pearson, Vasili Podkolzin

Scratches
Cole Sillinger (Healthy), Cutter Gauthier (Healthy), Nate Danielson (Healthy), Brad Lambert (Healthy), Vitek Vanecek (Healthy)

% Time on Ice - Winnipeg Jets

Lines # - Real PCT - Wanted PCT - Time Play
Normal Forward
1 - 28% - 30% - 13:03
2 - 30% - 30% - 14:02
3 - 27% - 25% - 12:21
4 - 14% - 15% - 6:41
Normal Defense
1 - 31% - 30% - 14:05
2 - 32% - 30% - 14:41
3 - 26% - 25% - 11:56
4 - 12% - 15% - 5:25
PP Forward
1 - 50% - 50% - 2:00
2 - 50% - 50% - 1:58
PP Defense
1 - 50% - 50% - 1:58
2 - 50% - 50% - 2:00
PK Forward
1 - 51% - 50% - 4:05
2 - 49% - 50% - 3:54
PK Defense
1 - 47% - 50% - 3:44
2 - 53% - 50% - 4:15
PK3 Forward
1 - 58% - 50% - 1:07
2 - 42% - 50% - 0:49
PK3 Defense
1 - 47% - 50% - 0:55
2 - 53% - 50% - 1:01
44 Forward
1 - 0% - 50%
2 - 0% - 50%
44 Defense
1 - 0% - 50%
2 - 0% - 50%
Last Minute Offensive  - 0:00
Last Minute Defensive  - 0:00
Total
Forward - 60:00
Defense - 60:00

% Time on Ice - Detroit Red Wings

Lines # - Real PCT - Wanted PCT - Time Play
Normal Forward
1 - 24% - 30% - 10:53
2 - 28% - 30% - 13:04
3 - 30% - 25% - 14:03
4 - 18% - 15% - 8:07
Normal Defense
1 - 32% - 30% - 14:44
2 - 31% - 30% - 14:31
3 - 24% - 25% - 11:09
4 - 12% - 15% - 5:43
PP Forward
1 - 56% - 50% - 5:31
2 - 44% - 50% - 4:24
PP Defense
1 - 45% - 50% - 4:28
2 - 55% - 50% - 5:27
PK Forward
1 - 50% - 50% - 2:00
2 - 50% - 50% - 1:58
PK Defense
1 - 49% - 50% - 1:56
2 - 51% - 50% - 2:02
PK3 Forward
1 - 0% - 50%
2 - 0% - 50%
PK3 Defense
1 - 0% - 50%
2 - 0% - 50%
44 Forward
1 - 0% - 50%
2 - 0% - 50%
44 Defense
1 - 0% - 50%
2 - 0% - 50%
Last Minute Offensive  - 0:00
Last Minute Defensive  - 0:00
Total
Forward - 60:00
Defense - 60:00

Play-by-Play

1st period


0:01 of 1st period - Ridly Greig wins face-off versus Kevin Stenlund in neutral zone.
0:04 of 1st period - Wrist shot by Ridly Greig.
0:04 of 1st period - Stopped by Laurent Brossoit with a rebound.
0:06 of 1st period - Slapshot by Dylan Samberg.
0:06 of 1st period - Deflect By Connor Bedard.
0:06 of 1st period - Stopped by Laurent Brossoit with a rebound.
0:26 of 1st period - Jackson LaCombe is hit by Alexander Kerfoot and loses puck.
0:47 of 1st period - Alexis Lafreniere is hit by Zachary L'Heureux and loses puck.
1:43 of 1st period - Wrist shot by Peyton Krebs.
1:43 of 1st period - Deflect By Collin Graf.
1:43 of 1st period - Shot Misses the Net.
1:43 of 1st period - Puck is out of play.
1:44 of 1st period - Kevin Stenlund wins face-off versus Mikael Backlund in Winnipeg Jets zone.
2:07 of 1st period - Backhand shot by Kasperi Kapanen.
2:07 of 1st period - Shot Misses the Net.
2:12 of 1st period - Off-side.
2:13 of 1st period - Adam Lowry wins face-off versus Christian Fischer in neutral zone.
2:34 of 1st period - Minor Penalty to Derek Forbort for Goalie Interference.
2:35 of 1st period - Mikael Backlund wins face-off versus Kevin Stenlund in Winnipeg Jets zone.
2:53 of 1st period - Mikael Backlund is hit by Peyton Krebs and loses puck.
3:14 of 1st period - Snap shot by Vasili Podkolzin.
3:14 of 1st period - Stopped by Dustin Wolf with a rebound.
3:50 of 1st period - Icing by Tanner Pearson.
3:51 of 1st period - Yakov Trenin wins face-off versus Adam Lowry in Detroit Red Wings zone.
4:34 of 1st period - Penalty to Derek Forbort is over, Derek Forbort is back on ice.
5:10 of 1st period - Sam Steel is hit by Arthur Kaliyev and loses puck.
5:27 of 1st period - Derek Forbort is hit by Zachary L'Heureux and loses puck.
6:04 of 1st period - Snap shot by Taylor Hall.
6:04 of 1st period - Stopped by Laurent Brossoit with a rebound.
6:16 of 1st period - Snap shot by Alexis Lafreniere.
6:16 of 1st period - Shot Misses the Net.
6:18 of 1st period - Wrist shot by Vladislav Namestnikov.
6:18 of 1st period - Shot Misses the Net.
6:58 of 1st period - Snap shot by Matvei Michkov.
6:58 of 1st period - Shot Misses the Net.
7:10 of 1st period - Kasperi Kapanen is hit by Connor Bedard and loses puck.
7:21 of 1st period - Wrist shot by Vasili Podkolzin.
7:21 of 1st period - Stopped by Dustin Wolf with a rebound.
7:39 of 1st period - Collin Graf is hit by Nino Niederreiter and loses puck.
8:32 of 1st period - Snap shot by Peyton Krebs.
8:32 of 1st period - Stopped by Dustin Wolf with a rebound.
8:34 of 1st period - Slapshot by Jackson LaCombe.
8:34 of 1st period - Stopped by Dustin Wolf without a rebound.
8:35 of 1st period - Mikael Backlund wins face-off versus Kevin Stenlund in Winnipeg Jets zone.
8:42 of 1st period - Wrist shot by Ridly Greig.
8:42 of 1st period - Shot Misses the Net.
8:44 of 1st period - Slapshot by Ridly Greig.
8:44 of 1st period - Stopped by Laurent Brossoit with a rebound.
8:46 of 1st period - Slapshot by Mikael Backlund.
8:46 of 1st period - Goal by Mikael Backlund - Winnipeg Jets : 1 - Detroit Red Wings : 0.
8:47 of 1st period - Kevin Stenlund wins face-off versus Mikael Backlund in neutral zone.
8:49 of 1st period - Off-side.
8:50 of 1st period - Mikael Backlund wins face-off versus Collin Graf in neutral zone.
8:53 of 1st period - Snap shot by Connor Bedard.
8:53 of 1st period - Shot Blocked by Kevin Stenlund.
8:55 of 1st period - Snap shot by Mikael Backlund.
8:55 of 1st period - Shot Blocked by Jackson LaCombe.
9:13 of 1st period - Minor Penalty to Dmitry Orlov for Holding.
9:14 of 1st period - Collin Graf wins face-off versus Mikael Backlund in Detroit Red Wings zone.
9:24 of 1st period - Slapshot by Dylan Samberg.
9:24 of 1st period - Shot Blocked by Conor Timmins.
10:40 of 1st period - Icing by Adam Lowry.
10:41 of 1st period - Mikael Backlund wins face-off versus Collin Graf in Winnipeg Jets zone.
11:13 of 1st period - Penalty to Dmitry Orlov is over, Dmitry Orlov is back on ice.
11:27 of 1st period - Wrist shot by Alexis Lafreniere.
11:27 of 1st period - Deflect By Joel Armia.
11:27 of 1st period - Shot Misses the Net.
11:27 of 1st period - Puck is out of play.
11:28 of 1st period - Vladislav Namestnikov wins face-off versus Zachary L'Heureux in Detroit Red Wings zone.
11:44 of 1st period - Off-side.
11:45 of 1st period - Yakov Trenin wins face-off versus Mikael Backlund in neutral zone.
11:48 of 1st period - Slapshot by Tanner Pearson.
11:48 of 1st period - Shot Misses the Net.
11:54 of 1st period - Snap shot by Vasili Podkolzin.
11:54 of 1st period - Shot Blocked by Dylan Samberg.
12:00 of 1st period - Wrist shot by Tanner Pearson.
12:00 of 1st period - Stopped by Dustin Wolf without a rebound.
12:01 of 1st period - Peyton Krebs wins face-off versus Adam Lowry in Winnipeg Jets zone.
12:02 of 1st period - Snap shot by Collin Graf.
12:02 of 1st period - Shot Blocked by Jonas Brodin.
12:26 of 1st period - Collin Graf is hit by Alexis Lafreniere and loses puck.
12:46 of 1st period - Icing by Ryan Graves.
12:47 of 1st period - Mikael Backlund wins face-off versus Kevin Stenlund in Detroit Red Wings zone.
12:51 of 1st period - Wrist shot by Mikael Backlund.
12:51 of 1st period - Goal by Mikael Backlund - Winnipeg Jets : 2 - Detroit Red Wings : 0.
12:52 of 1st period - Yakov Trenin wins face-off versus Mikael Backlund in neutral zone.
12:55 of 1st period - Wrist shot by Vasili Podkolzin.
12:55 of 1st period - Stopped by Dustin Wolf without a rebound.
12:56 of 1st period - Mikael Backlund wins face-off versus Yakov Trenin in Winnipeg Jets zone.
13:50 of 1st period - Snap shot by Alexis Lafreniere.
13:50 of 1st period - Shot Misses the Net.
13:52 of 1st period - Slapshot by Joel Armia.
13:52 of 1st period - Goal by Joel Armia - Winnipeg Jets : 3 - Detroit Red Wings : 0.
13:53 of 1st period - Mikael Backlund wins face-off versus Yakov Trenin in neutral zone.
14:07 of 1st period - Off-side.
14:08 of 1st period - Adam Lowry wins face-off versus Kevin Stenlund in neutral zone.
14:11 of 1st period - Slapshot by Taylor Hall.
14:11 of 1st period - Shot Misses the Net.
14:13 of 1st period - Slapshot by Alexander Kerfoot.
14:13 of 1st period - Shot Blocked by Kevin Stenlund.
14:33 of 1st period - Nate Schmidt is hit by Tanner Pearson and loses puck.
14:40 of 1st period - Shayne Gostisbehere is hit by Mikael Backlund and loses puck.
15:30 of 1st period - Wrist shot by Vasili Podkolzin.
15:30 of 1st period - Stopped by Dustin Wolf with a rebound.
15:32 of 1st period - Slapshot by Jackson LaCombe.
15:32 of 1st period - Shot Misses the Net.
15:34 of 1st period - Slapshot by Dmitry Orlov.
15:34 of 1st period - Stopped by Dustin Wolf with a rebound.
16:18 of 1st period - Slapshot by Alexander Kerfoot.
16:18 of 1st period - Shot Blocked by Yakov Trenin.
16:20 of 1st period - Slapshot by Haydn Fleury.
16:20 of 1st period - Deflect By Adam Lowry.
16:20 of 1st period - Shot Blocked by Conor Timmins.
16:20 of 1st period - Puck is out of play.
16:21 of 1st period - Adam Lowry wins face-off versus Yakov Trenin in Detroit Red Wings zone.
16:22 of 1st period - Wrist shot by Alexander Kerfoot.
16:22 of 1st period - Goal by Alexander Kerfoot - Winnipeg Jets : 4 - Detroit Red Wings : 0.
16:23 of 1st period - Mikael Backlund wins face-off versus Yakov Trenin in neutral zone.
16:40 of 1st period - Wrist shot by Mikael Backlund.
16:40 of 1st period - Shot Misses the Net.
16:50 of 1st period - Taylor Hall is hit by Collin Graf and loses puck.
17:13 of 1st period - Snap shot by Vladislav Namestnikov.
17:13 of 1st period - Deflect By Alexis Lafreniere.
17:13 of 1st period - Shot Misses the Net.
17:13 of 1st period - Puck is out of play.
17:14 of 1st period - Mikael Backlund wins face-off versus Zachary L'Heureux in Detroit Red Wings zone.
17:21 of 1st period - Wrist shot by Zachary L'Heureux.
17:21 of 1st period - Stopped by Dustin Wolf with a rebound.
17:23 of 1st period - Slapshot by Zachary L'Heureux.
17:23 of 1st period - Shot Misses the Net.
17:25 of 1st period - Snap shot by Christian Fischer.
17:25 of 1st period - Stopped by Dustin Wolf with a rebound.
17:27 of 1st period - Slapshot by Conor Timmins.
17:27 of 1st period - Stopped by Dustin Wolf with a rebound.
17:29 of 1st period - Slapshot by Jamie Drysdale.
17:29 of 1st period - Stopped by Dustin Wolf with a rebound.
17:39 of 1st period - Backhand shot by Zachary L'Heureux.
17:39 of 1st period - Stopped by Dustin Wolf without a rebound.
17:40 of 1st period - Yakov Trenin wins face-off versus Adam Lowry in Winnipeg Jets zone.
18:12 of 1st period - Snap shot by Arthur Kaliyev.
18:12 of 1st period - Stopped by Dustin Wolf without a rebound.
18:13 of 1st period - Vladislav Namestnikov wins face-off versus Fraser Minten in Winnipeg Jets zone.
18:13 of 1st period - Vladislav Namestnikov is hit by Collin Graf.
18:29 of 1st period - Slapshot by Jackson LaCombe.
18:29 of 1st period - Shot Blocked by Joel Armia.
18:35 of 1st period - Wrist shot by Collin Graf.
18:35 of 1st period - Shot Blocked by Alexis Lafreniere.
18:51 of 1st period - Snap shot by Alexis Lafreniere.
18:51 of 1st period - Shot Blocked by Jamie Drysdale.
19:04 of 1st period - Minor Penalty to Conor Timmins for Interference.
19:05 of 1st period - Peyton Krebs wins face-off versus Taylor Hall in Detroit Red Wings zone.
19:19 of 1st period - Wrist shot by Alexander Kerfoot.
19:19 of 1st period - Shot Misses the Net.
19:21 of 1st period - Snap shot by Adam Lowry.
19:21 of 1st period - Stopped by Laurent Brossoit without a rebound.
19:22 of 1st period - Mikael Backlund wins face-off versus Collin Graf in Detroit Red Wings zone.
19:53 of 1st period - Slapshot by Taylor Hall.
19:53 of 1st period - Stopped by Laurent Brossoit with a rebound.
19:55 of 1st period - Snap shot by Adam Lowry.
19:55 of 1st period - Stopped by Laurent Brossoit without a rebound.
19:56 of 1st period - Collin Graf wins face-off versus Adam Lowry in Detroit Red Wings zone.
Goals for this period are 4 for Winnipeg Jets vs 0 for Detroit Red Wings.
Shots for this period are 11 for Winnipeg Jets vs 14 for Detroit Red Wings.

2nd period


0:01 of 2nd period - Collin Graf wins face-off versus Mikael Backlund in neutral zone.
0:04 of 2nd period - Snap shot by Kevin Stenlund.
0:04 of 2nd period - Shot Misses the Net.
1:04 of 2nd period - Penalty to Conor Timmins is over, Conor Timmins is back on ice.
1:20 of 2nd period - Wrist shot by Peyton Krebs.
1:20 of 2nd period - Stopped by Dustin Wolf without a rebound.
1:21 of 2nd period - Sam Steel wins face-off versus Zachary L'Heureux in Winnipeg Jets zone.
1:21 of 2nd period - Sam Steel is hit by Kasperi Kapanen.
1:58 of 2nd period - Snap shot by Kasperi Kapanen.
1:58 of 2nd period - Shot Blocked by Joel Armia.
2:00 of 2nd period - Snap shot by Zachary L'Heureux.
2:00 of 2nd period - Shot Misses the Net.
2:02 of 2nd period - Snap shot by Zachary L'Heureux.
2:02 of 2nd period - Stopped by Dustin Wolf with a rebound.
2:04 of 2nd period - Wrist shot by Zachary L'Heureux.
2:04 of 2nd period - Stopped by Dustin Wolf without a rebound.
2:05 of 2nd period - Alexander Kerfoot wins face-off versus Yakov Trenin in Winnipeg Jets zone.
2:14 of 2nd period - Snap shot by Tanner Pearson.
2:14 of 2nd period - Shot Misses the Net.
2:16 of 2nd period - Wrist shot by Yakov Trenin.
2:16 of 2nd period - Deflect By Vasili Podkolzin.
2:16 of 2nd period - Stopped by Dustin Wolf without a rebound.
2:17 of 2nd period - Mikael Backlund wins face-off versus Kevin Stenlund in Winnipeg Jets zone.
2:26 of 2nd period - Snap shot by Jackson LaCombe.
2:26 of 2nd period - Shot Blocked by Jonas Brodin.
2:28 of 2nd period - Wrist shot by Peyton Krebs.
2:28 of 2nd period - Stopped by Dustin Wolf without a rebound.
2:29 of 2nd period - Yakov Trenin wins face-off versus Connor Bedard in Winnipeg Jets zone.
2:40 of 2nd period - Wrist shot by Ridly Greig.
2:40 of 2nd period - Shot Misses the Net.
2:59 of 2nd period - Dylan Samberg is hit by Kevin Stenlund and loses puck.
3:18 of 2nd period - Snap shot by Alexis Lafreniere.
3:18 of 2nd period - Goal by Alexis Lafreniere - Winnipeg Jets : 5 - Detroit Red Wings : 0.
3:19 of 2nd period - Mikael Backlund wins face-off versus Yakov Trenin in neutral zone.
3:22 of 2nd period - Wrist shot by Connor Bedard.
3:22 of 2nd period - Shot Misses the Net.
3:24 of 2nd period - Snap shot by Mikael Backlund.
3:24 of 2nd period - Shot Blocked by Dmitry Orlov.
3:26 of 2nd period - Snap shot by Haydn Fleury.
3:26 of 2nd period - Shot Misses the Net.
3:28 of 2nd period - Slapshot by Haydn Fleury.
3:28 of 2nd period - Shot Misses the Net.
3:30 of 2nd period - Slapshot by Connor Bedard.
3:30 of 2nd period - Shot Misses the Net.
3:32 of 2nd period - Snap shot by Ridly Greig.
3:32 of 2nd period - Stopped by Laurent Brossoit without a rebound.
3:33 of 2nd period - Peyton Krebs wins face-off versus Adam Lowry in Detroit Red Wings zone.
4:12 of 2nd period - Slapshot by Mikael Backlund.
4:12 of 2nd period - Shot Blocked by Dmitry Orlov.
4:22 of 2nd period - Jonas Brodin is hit by Jackson LaCombe and loses puck.
4:59 of 2nd period - Wrist shot by Tanner Pearson.
4:59 of 2nd period - Shot Misses the Net.
5:21 of 2nd period - Snap shot by Zachary L'Heureux.
5:21 of 2nd period - Stopped by Dustin Wolf with a rebound.
5:23 of 2nd period - Wrist shot by Christian Fischer.
5:23 of 2nd period - Goal by Christian Fischer - Winnipeg Jets : 5 - Detroit Red Wings : 1.
5:24 of 2nd period - Mikael Backlund wins face-off versus Collin Graf in neutral zone.
6:15 of 2nd period - Wrist shot by Alexis Lafreniere.
6:15 of 2nd period - Stopped by Laurent Brossoit with a rebound.
6:17 of 2nd period - Slapshot by Vladislav Namestnikov.
6:17 of 2nd period - Shot Blocked by Shayne Gostisbehere.
7:42 of 2nd period - Jonas Brodin is hit by Vasili Podkolzin and loses puck.
8:12 of 2nd period - Off-side.
8:13 of 2nd period - Vladislav Namestnikov wins face-off versus Zachary L'Heureux in neutral zone.
8:20 of 2nd period - Slapshot by Joel Armia.
8:20 of 2nd period - Stopped by Laurent Brossoit with a rebound.
8:22 of 2nd period - Slapshot by Joel Armia.
8:22 of 2nd period - Shot Misses the Net.
8:26 of 2nd period - Snap shot by Vladislav Namestnikov.
8:26 of 2nd period - Shot Blocked by Ryan Graves.
8:28 of 2nd period - Wrist shot by Haydn Fleury.
8:28 of 2nd period - Deflect By Joel Armia.
8:28 of 2nd period - Shot Blocked by Shayne Gostisbehere.
8:28 of 2nd period - Puck is out of play.
8:29 of 2nd period - Yakov Trenin wins face-off versus Adam Lowry in Detroit Red Wings zone.
8:29 of 2nd period - Yakov Trenin is hit by Adam Lowry.
8:44 of 2nd period - Minor Penalty to Derek Forbort for High sticking.
8:45 of 2nd period - Adam Lowry wins face-off versus Kevin Stenlund in Winnipeg Jets zone.
8:47 of 2nd period - Minor Penalty to Adam Lowry for Tripping.
8:48 of 2nd period - Kevin Stenlund wins face-off versus Mikael Backlund in Winnipeg Jets zone.
8:56 of 2nd period - Snap shot by Peyton Krebs.
8:56 of 2nd period - Shot Misses the Net.
9:04 of 2nd period - Snap shot by Collin Graf.
9:04 of 2nd period - Deflect By Kevin Stenlund.
9:04 of 2nd period - Shot Blocked by Dylan Samberg.
9:04 of 2nd period - Puck is out of play.
9:05 of 2nd period - Connor Bedard wins face-off versus Yakov Trenin in Winnipeg Jets zone.
10:03 of 2nd period - Yakov Trenin is hit by Dylan Samberg and loses puck.
10:44 of 2nd period - Penalty to Derek Forbort is over, Derek Forbort is back on ice.
10:47 of 2nd period - Penalty to Adam Lowry is over, Adam Lowry is back on ice.
10:57 of 2nd period - Wrist shot by Joel Armia.
10:57 of 2nd period - Shot Blocked by Zachary L'Heureux.
12:02 of 2nd period - Dmitry Orlov is hit by Mikael Backlund and loses puck.
12:07 of 2nd period - Snap shot by Sam Steel.
12:07 of 2nd period - Deflect By Nino Niederreiter.
12:07 of 2nd period - Stopped by Laurent Brossoit with a rebound.
12:09 of 2nd period - Wrist shot by Nino Niederreiter.
12:09 of 2nd period - Shot Blocked by Tanner Pearson.
12:55 of 2nd period - Mikael Backlund is hit by Vasili Podkolzin.
13:13 of 2nd period - Ryan Graves is hit by Derek Forbort and loses puck.
13:24 of 2nd period - Slapshot by Connor Bedard.
13:24 of 2nd period - Shot Blocked by Vasili Podkolzin.
13:34 of 2nd period - Dylan Samberg is hit by Collin Graf.
14:37 of 2nd period - Slapshot by Haydn Fleury.
14:37 of 2nd period - Stopped by Laurent Brossoit with a rebound.
15:56 of 2nd period - Snap shot by Alexis Lafreniere.
15:56 of 2nd period - Stopped by Laurent Brossoit with a rebound.
15:58 of 2nd period - Slapshot by Nate Schmidt.
15:58 of 2nd period - Stopped by Laurent Brossoit with a rebound.
16:00 of 2nd period - Slapshot by Nate Schmidt.
16:00 of 2nd period - Shot Blocked by Jackson LaCombe.
16:02 of 2nd period - Snap shot by Vladislav Namestnikov.
16:02 of 2nd period - Shot Misses the Net.
16:40 of 2nd period - Icing by Haydn Fleury.
16:41 of 2nd period - Zachary L'Heureux wins face-off versus Sam Steel in Winnipeg Jets zone.
16:46 of 2nd period - Slapshot by Kasperi Kapanen.
16:46 of 2nd period - Shot Misses the Net.
17:11 of 2nd period - Slapshot by Nate Schmidt.
17:11 of 2nd period - Shot Misses the Net.
17:13 of 2nd period - Slapshot by Haydn Fleury.
17:13 of 2nd period - Stopped by Laurent Brossoit with a rebound.
17:15 of 2nd period - Slapshot by Haydn Fleury.
17:15 of 2nd period - Shot Misses the Net.
17:17 of 2nd period - Slapshot by Nate Schmidt.
17:17 of 2nd period - Shot Blocked by Vasili Podkolzin.
17:19 of 2nd period - Wrist shot by Nate Schmidt.
17:19 of 2nd period - Deflect By Yakov Trenin.
17:19 of 2nd period - Stopped by Laurent Brossoit without a rebound.
17:20 of 2nd period - Kevin Stenlund wins face-off versus Vladislav Namestnikov in Detroit Red Wings zone.
17:20 of 2nd period - Kevin Stenlund is hit by Dylan Samberg.
17:32 of 2nd period - Slapshot by Joel Armia.
17:32 of 2nd period - Stopped by Laurent Brossoit without a rebound.
17:33 of 2nd period - Adam Lowry wins face-off versus Kevin Stenlund in Detroit Red Wings zone.
17:46 of 2nd period - Snap shot by Collin Graf.
17:46 of 2nd period - Deflect By Kevin Stenlund.
17:46 of 2nd period - Shot Misses the Net.
17:46 of 2nd period - Puck is out of play.
17:47 of 2nd period - Mikael Backlund wins face-off versus Yakov Trenin in Winnipeg Jets zone.
17:53 of 2nd period - Jackson LaCombe beats up Mikael Backlund.
17:53 of 2nd period - Penalty to Jackson LaCombe for Fighting.
17:53 of 2nd period - Penalty to Mikael Backlund for Fighting.
17:54 of 2nd period - Kevin Stenlund wins face-off versus Matvei Michkov in neutral zone.
18:19 of 2nd period - Jonas Brodin is hit by Dmitry Orlov.
18:57 of 2nd period - Slapshot by Connor Bedard.
18:57 of 2nd period - Shot Misses the Net.
19:03 of 2nd period - Connor Bedard is hit by Dmitry Orlov and loses puck.
19:18 of 2nd period - Snap shot by Christian Fischer.
19:18 of 2nd period - Shot Misses the Net.
19:20 of 2nd period - Slapshot by Dmitry Orlov.
19:20 of 2nd period - Stopped by Dustin Wolf with a rebound.
19:30 of 2nd period - Wrist shot by Zachary L'Heureux.
19:30 of 2nd period - Stopped by Dustin Wolf without a rebound.
19:31 of 2nd period - Adam Lowry wins face-off versus Kevin Stenlund in Winnipeg Jets zone.
19:31 of 2nd period - Adam Lowry is hit by Ryan Graves.
19:37 of 2nd period - Slapshot by Collin Graf.
19:37 of 2nd period - Stopped by Dustin Wolf with a rebound.
19:47 of 2nd period - Snap shot by Adam Lowry.
19:47 of 2nd period - Stopped by Laurent Brossoit with a rebound.
19:57 of 2nd period - Vasili Podkolzin is hit by Alexis Lafreniere and loses puck.
Goals for this period are 1 for Winnipeg Jets vs 1 for Detroit Red Wings.
Shots for this period are 12 for Winnipeg Jets vs 10 for Detroit Red Wings.

3rd period


0:01 of 3rd period - Kevin Stenlund wins face-off versus Matvei Michkov in neutral zone.
0:28 of 3rd period - Snap shot by Alexis Lafreniere.
0:28 of 3rd period - Shot Misses the Net.
0:46 of 3rd period - Wrist shot by Collin Graf.
0:46 of 3rd period - Shot Misses the Net.
0:48 of 3rd period - Wrist shot by Shayne Gostisbehere.
0:48 of 3rd period - Deflect By Kevin Stenlund.
0:48 of 3rd period - Shot Misses the Net.
0:48 of 3rd period - Puck is out of play.
0:49 of 3rd period - Yakov Trenin wins face-off versus Matvei Michkov in Winnipeg Jets zone.
0:54 of 3rd period - Wrist shot by Vasili Podkolzin.
0:54 of 3rd period - Stopped by Dustin Wolf with a rebound.
0:56 of 3rd period - Snap shot by Dmitry Orlov.
0:56 of 3rd period - Stopped by Dustin Wolf with a rebound.
0:58 of 3rd period - Slapshot by Dmitry Orlov.
0:58 of 3rd period - Stopped by Dustin Wolf with a rebound.
1:20 of 3rd period - Slapshot by Alexander Kerfoot.
1:20 of 3rd period - Shot Misses the Net.
1:22 of 3rd period - Snap shot by Adam Lowry.
1:22 of 3rd period - Stopped by Laurent Brossoit without a rebound.
1:23 of 3rd period - Ridly Greig wins face-off versus Yakov Trenin in Detroit Red Wings zone.
1:49 of 3rd period - Minor Penalty to Connor Bedard for Hooking.
1:50 of 3rd period - Joel Armia wins face-off versus Vasili Podkolzin in Winnipeg Jets zone.
2:53 of 3rd period - Penalty to Mikael Backlund is over, Mikael Backlund is back on ice.
2:54 of 3rd period - Jamie Drysdale is hit by Ridly Greig and loses puck.
3:03 of 3rd period - Snap shot by Vasili Podkolzin.
3:03 of 3rd period - Stopped by Dustin Wolf without a rebound.
3:04 of 3rd period - Kevin Stenlund wins face-off versus Mikael Backlund in Winnipeg Jets zone.
3:29 of 3rd period - Shayne Gostisbehere is hit by Haydn Fleury and loses puck.
3:49 of 3rd period - Penalty to Connor Bedard is over, Connor Bedard is back on ice.
3:52 of 3rd period - Dylan Samberg is hit by Jackson LaCombe.
3:58 of 3rd period - Dylan Samberg is hit by Zachary L'Heureux and loses puck.
4:09 of 3rd period - Jamie Drysdale is hit by Jonas Brodin.
4:19 of 3rd period - Snap shot by Vladislav Namestnikov.
4:19 of 3rd period - Shot Blocked by Conor Timmins.
4:21 of 3rd period - Slapshot by Joel Armia.
4:21 of 3rd period - Stopped by Laurent Brossoit with a rebound.
4:23 of 3rd period - Slapshot by Jonas Brodin.
4:23 of 3rd period - Deflect By Fraser Minten.
4:23 of 3rd period - Stopped by Laurent Brossoit without a rebound.
4:24 of 3rd period - Vladislav Namestnikov wins face-off versus Fraser Minten in Detroit Red Wings zone.
4:45 of 3rd period - Wrist shot by Ridly Greig.
4:45 of 3rd period - Stopped by Laurent Brossoit without a rebound.
4:46 of 3rd period - Yakov Trenin wins face-off versus Mikael Backlund in Detroit Red Wings zone.
4:58 of 3rd period - Minor Penalty to Mikael Backlund for Tripping.
4:59 of 3rd period - Adam Lowry wins face-off versus Yakov Trenin in Winnipeg Jets zone.
4:59 of 3rd period - Adam Lowry is hit by Shayne Gostisbehere.
5:08 of 3rd period - Slapshot by Shayne Gostisbehere.
5:08 of 3rd period - Stopped by Dustin Wolf with a rebound.
5:12 of 3rd period - Snap shot by Vasili Podkolzin.
5:12 of 3rd period - Stopped by Dustin Wolf with a rebound.
5:14 of 3rd period - Snap shot by Ryan Graves.
5:14 of 3rd period - Stopped by Dustin Wolf without a rebound.
5:15 of 3rd period - Adam Lowry wins face-off versus Kevin Stenlund in Winnipeg Jets zone.
5:22 of 3rd period - Snap shot by Ridly Greig.
5:22 of 3rd period - Shot Misses the Net.
5:24 of 3rd period - Snap shot by Ridly Greig.
5:24 of 3rd period - Stopped by Laurent Brossoit without a rebound.
5:25 of 3rd period - Adam Lowry wins face-off versus Peyton Krebs in Detroit Red Wings zone.
5:32 of 3rd period - Adam Lowry is hit by Peyton Krebs and loses puck.
5:43 of 3rd period - Jonas Brodin is hit by Peyton Krebs and loses puck.
6:20 of 3rd period - Wrist shot by Collin Graf.
6:20 of 3rd period - Stopped by Dustin Wolf with a rebound.
6:48 of 3rd period - Backhand shot by Collin Graf.
6:48 of 3rd period - Stopped by Dustin Wolf with a rebound.
6:50 of 3rd period - Slapshot by Ryan Graves.
6:50 of 3rd period - Shot Blocked by Haydn Fleury.
6:52 of 3rd period - Slapshot by Collin Graf.
6:52 of 3rd period - Shot Blocked by Nate Schmidt.
6:54 of 3rd period - Slapshot by Ryan Graves.
6:54 of 3rd period - Goal by Ryan Graves - Winnipeg Jets : 5 - Detroit Red Wings : 2.
6:55 of 3rd period - Yakov Trenin wins face-off versus Vladislav Namestnikov in neutral zone.
7:08 of 3rd period - Snap shot by Vasili Podkolzin.
7:08 of 3rd period - Shot Blocked by Joel Armia.
7:10 of 3rd period - Wrist shot by Yakov Trenin.
7:10 of 3rd period - Shot Misses the Net.
7:20 of 3rd period - Mikael Backlund is hit by Jackson LaCombe and loses puck.
7:27 of 3rd period - Snap shot by Christian Fischer.
7:27 of 3rd period - Shot Misses the Net.
8:54 of 3rd period - Snap shot by Nino Niederreiter.
8:54 of 3rd period - Stopped by Laurent Brossoit without a rebound.
8:55 of 3rd period - Sam Steel wins face-off versus Zachary L'Heureux in Detroit Red Wings zone.
9:32 of 3rd period - Wrist shot by Collin Graf.
9:32 of 3rd period - Stopped by Dustin Wolf with a rebound.
9:34 of 3rd period - Slapshot by Collin Graf.
9:34 of 3rd period - Shot Blocked by Derek Forbort.
9:38 of 3rd period - Snap shot by Collin Graf.
9:38 of 3rd period - Stopped by Dustin Wolf without a rebound.
9:39 of 3rd period - Peyton Krebs wins face-off versus Mikael Backlund in Winnipeg Jets zone.
9:48 of 3rd period - Snap shot by Peyton Krebs.
9:48 of 3rd period - Goal by Peyton Krebs - Winnipeg Jets : 5 - Detroit Red Wings : 3.
9:49 of 3rd period - Ridly Greig wins face-off versus Kevin Stenlund in neutral zone.
9:58 of 3rd period - Snap shot by Mikael Backlund.
9:58 of 3rd period - Shot Blocked by Jackson LaCombe.
10:00 of 3rd period - Wrist shot by Jonas Brodin.
10:00 of 3rd period - Deflect By Connor Bedard.
10:00 of 3rd period - Shot Blocked by Jackson LaCombe.
10:00 of 3rd period - Puck is out of play.
10:01 of 3rd period - Kevin Stenlund wins face-off versus Adam Lowry in Detroit Red Wings zone.
10:11 of 3rd period - Snap shot by Taylor Hall.
10:11 of 3rd period - Shot Blocked by Jackson LaCombe.
10:13 of 3rd period - Snap shot by Adam Lowry.
10:13 of 3rd period - Shot Blocked by Kevin Stenlund.
10:15 of 3rd period - Snap shot by Taylor Hall.
10:15 of 3rd period - Shot Misses the Net.
10:17 of 3rd period - Slapshot by Jonas Brodin.
10:17 of 3rd period - Shot Blocked by Peyton Krebs.
11:06 of 3rd period - Alexis Lafreniere is hit by Arthur Kaliyev and loses puck.
11:23 of 3rd period - Slapshot by Nate Schmidt.
11:23 of 3rd period - Deflect By Alexander Kerfoot.
11:23 of 3rd period - Stopped by Laurent Brossoit with a rebound.
11:25 of 3rd period - Wrist shot by Haydn Fleury.
11:25 of 3rd period - Stopped by Laurent Brossoit with a rebound.
11:27 of 3rd period - Wrist shot by Adam Lowry.
11:27 of 3rd period - Stopped by Laurent Brossoit with a rebound.
11:29 of 3rd period - Slapshot by Haydn Fleury.
11:29 of 3rd period - Stopped by Laurent Brossoit without a rebound.
11:30 of 3rd period - Adam Lowry wins face-off versus Zachary L'Heureux in Detroit Red Wings zone.
11:48 of 3rd period - Minor Penalty to Adam Lowry for Tripping.
11:49 of 3rd period - Joel Armia wins face-off versus Yakov Trenin in Winnipeg Jets zone.
12:06 of 3rd period - Connor Bedard is hit by Tanner Pearson and loses puck.
12:17 of 3rd period - Slapshot by Jackson LaCombe.
12:17 of 3rd period - Stopped by Dustin Wolf without a rebound.
12:18 of 3rd period - Kevin Stenlund wins face-off versus Joel Armia in Winnipeg Jets zone.
13:48 of 3rd period - Penalty to Adam Lowry is over, Adam Lowry is back on ice.
14:26 of 3rd period - Backhand shot by Taylor Hall.
14:26 of 3rd period - Shot Misses the Net.
14:43 of 3rd period - Dmitry Orlov is hit by Jonas Brodin and loses puck.
14:48 of 3rd period - Wrist shot by Alexis Lafreniere.
14:48 of 3rd period - Stopped by Laurent Brossoit with a rebound.
14:56 of 3rd period - Snap shot by Jackson LaCombe.
14:56 of 3rd period - Stopped by Dustin Wolf with a rebound.
15:02 of 3rd period - Jackson LaCombe is hit by Mikael Backlund and loses puck.
15:31 of 3rd period - Wrist shot by Kasperi Kapanen.
15:31 of 3rd period - Stopped by Dustin Wolf without a rebound.
15:32 of 3rd period - Zachary L'Heureux wins face-off versus Vladislav Namestnikov in Winnipeg Jets zone.
16:04 of 3rd period - Snap shot by Ridly Greig.
16:04 of 3rd period - Stopped by Laurent Brossoit with a rebound.
16:06 of 3rd period - Slapshot by Michael Kesselring.
16:06 of 3rd period - Shot Hit the Post.
16:08 of 3rd period - Snap shot by Mikael Backlund.
16:08 of 3rd period - Shot Blocked by Ryan Graves.
16:10 of 3rd period - Wrist shot by Mikael Backlund.
16:10 of 3rd period - Stopped by Laurent Brossoit with a rebound.
16:46 of 3rd period - Slapshot by Vladislav Namestnikov.
16:46 of 3rd period - Goal by Vladislav Namestnikov - Winnipeg Jets : 6 - Detroit Red Wings : 3.
16:47 of 3rd period - Mikael Backlund wins face-off versus Yakov Trenin in neutral zone.
17:13 of 3rd period - Alexander Kerfoot is hit by Zachary L'Heureux and loses puck.
18:00 of 3rd period - Nate Schmidt is hit by Tanner Pearson and loses puck.
18:32 of 3rd period - Fraser Minten is hit by Taylor Hall and loses puck.
19:54 of 3rd period - Tanner Pearson is hit by Derek Forbort and loses puck.
Goals for this period are 1 for Winnipeg Jets vs 2 for Detroit Red Wings.
Shots for this period are 14 for Winnipeg Jets vs 16 for Detroit Red Wings.